 Dungeon Crawl Stone Soup version 0.31-a0-252-gc4385922b5 (webtiles) character file.

Game seed: 2831610145019164882

470 qw the Shooter (level 7, 0/44 HPs)
             Began as a Gargoyle Hexslinger on July 12, 2023.
             Slain by a white imp (5 damage)
             ... on level 5 of the Dungeon.
             The game lasted 00:01:25 (2994 turns).

qw the Shooter (Gargoyle Hexslinger)                Turns: 2994, Time: 00:01:26

Health: 0/44       AC: 12    Str: 14 (15) XL:     7   Next: 9%
Magic:  8/8        EV: 11    Int: 13      God:
Gold:   291        SH:  0    Dex: 16      Spells: 7/8 levels left

rFire   . . .        Y - +1 sling
rCold   . . .        (no shield)
rNeg    + . .        f - +0 ring mail
rPois   inf          a - +0 helmet of the Big Bang {rElec rPois Regen+ Dex+3 Slay-2}
rElec   +            (no cloak)
rCorr   .            d - +0 pair of gloves
SInv    .            (no boots)
Will    .....        (no amulet)
Stlth   +            (no ring)
HPRegen 1.07/turn    (no ring)
MPRegen 0.11/turn

%: no passive effects
@: no status effects
A: sickness immunity, AC +4, negative energy resistance 1, electricity
resistance, torment resistance 1, petrification resistance, strong 1, sturdy
frame 1
a: no special abilities


You were on level 5 of the Dungeon.
You visited 1 branch of the dungeon, and saw 5 of its levels.

You collected 291 gold pieces.


Innate Abilities, Weirdness & Mutations

You are immune to sickness and miasma.
Your stone body is resilient. (AC +4)
You are immune to poison.
You resist negative energy. (rN+)
You are resistant to electric shocks. (rElec)
You are resistant to unholy torment.
You are immune to petrification.
Your muscles are strong. (Str +4, Int/Dex -1)
Your movements are slightly less encumbered by armour. (ER -2)


   Skills:
 - Level 4.4 Fighting
 + Level 6.1 Ranged Weapons
 - Level 1.1 Armour
 - Level 1.5 Dodging
 - Level 1.0 Spellcasting
 - Level 2.6 Hexes


You had 7 spell levels left.
You knew the following spells:

 Your Spells              Type           Power      Damage    Failure   Level
a - Slow                  Hex            28%        N/A       13%         1

Your spell library contained the following spells:

 Spells                   Type           Power      Damage    Failure   Level
 Inner Flame              Hex/Fire       4%         N/A       56%         3
 Portal Projectile        Hex/Tloc       8%         N/A       56%         3
 Cause Fear               Hex            3%         N/A       78%         4

Inventory:

Hand Weapons
 Y - a +1 sling (weapon)
Armour
 a - the +0 helmet of the Big Bang (worn) {rElec rPois Regen+ Dex+3 Slay-2}
   (You took it off Robin on level 3 of the Dungeon)

   Dex:       It affects your dexterity (+3).
   Slay:      It affects your accuracy & damage with ranged weapons and melee
   (-2).
   rElec:     It insulates you from electricity.
   rPois:     It protects you from poison.
   Regen:     It increases your rate of health regeneration.
 d - a +0 pair of gloves (worn)
 f - a +0 ring mail (worn)
Scrolls
 b - 2 scrolls of identify
Potions
 g - 3 potions of mutation
 h - a potion of resistance

Dungeon Overview and Level Annotations

Branches:
Dungeon (5/15)
 Temple: D:4-7

Altars:

Annotations:
D:3 1 runed translucent door, Crazy Yiuf
D:4 2 transporters, 1 runed translucent door, qw's ghost, amateur GrHs


Message History

The orc is almost dead.
The orc misses you. The orc hits you but does no damage.
The orc hits you with a +0 flail. The orc hits you with a +0 dagger.
You shoot a sling bullet.
The sling bullet hits the orc but does no damage.
The orc is almost dead.
The orc hits you but does no damage. x2; The orc hits you with a +0 dagger.
The orc barely misses you.
You shoot a sling bullet. The sling bullet hits the orc.
You kill the orc!
The orc hits you but does no damage. The orc barely misses you.
The orc hits you with a +0 dagger.
You shoot a sling bullet.
The sling bullet hits the orc but does no damage.
The orc hits you with a +0 hand axe. The orc barely misses you.
The orc misses you. The orc barely misses you.
The orc hits you with a +0 flail! The orc misses you.
The orc completely misses you. The orc hits you with a +0 dagger.
You shoot a sling bullet. The sling bullet hits the orc.
The orc is moderately wounded.
The orc hits you but does no damage. The orc hits you with a +0 flail.
The orc barely misses you. The orc hits you but does no damage.
You shoot a sling bullet. The sling bullet barely misses the orc.
The orc barely misses you. The orc completely misses you.
The orc hits you but does no damage. The orc hits you with a +0 dagger.
You shoot a sling bullet. The sling bullet hits the orc.
You kill the orc!
The orc misses you. The orc closely misses you. The orc barely misses you.
You shoot a sling bullet. The sling bullet hits the white imp.
The white imp is lightly wounded.
The orc hits you but does no damage. x3; The white imp closely misses you.
You shoot a sling bullet.
The sling bullet closely misses the white imp.
The orc hits you but does no damage. The orc closely misses you.
The orc barely misses you. The white imp barely misses you.
You shoot a sling bullet.
The sling bullet barely misses the white imp.
The orc closely misses you. x2; The white imp hits you.
The white imp freezes you.
You die...

.........
.........
.........
#........
#........
#........
#########o5......
#.......o@o#
##.#######.#
#...# .# ###.# .#
#.# .+ #.# .# #.#
.# #.# .. #.#


You could see a white imp and 3 orcs.

Vanquished Creatures
  A black bear (D:5)
  2 scorpions (D:4)
  A hound (D:4)
  2 orc priests (D:3)
  Robin (D:3)
  5 adders
  A white imp (D:5)
  A worm (D:4)
  A dart slug (D:2)
  6 orcs
  10 endoplasms
  5 giant cockroaches
  18 goblins
  11 hobgoblins
  7 jackals
  5 kobolds
  A quokka (D:1)
  5 ball pythons
  2 bats (D:2)
  A frilled lizard (D:1)
  8 rats
94 creatures vanquished.

Vanquished Creatures (others)
  A goblin (D:3)
1 creature vanquished.

Grand Total: 95 creatures vanquished

Notes
Turn   | Place    | Note
-------+----------+-------------------------------------------
     0 | D:1      | qw the Gargoyle Hexslinger began the quest for the Orb.
     0 | D:1      | Reached XP level 1. HP: 12/12 MP: 2/2
     0 | D:1      | 0 ||| qw: Version: 0.3-a-52-g30416fa
     0 | D:1      | 0 ||| qw: Game counter: 6608
     0 | D:1      | 0 ||| qw: Melee chars always use a shield: true
     0 | D:1      | 0 ||| qw: God list: Okawaru
     0 | D:1      | 0 ||| qw: Allow faded altars: false
     0 | D:1      | 0 ||| qw: Do Orc after clearing Dungeon:15 true
     0 | D:1      | 0 ||| qw: Do second Lair branch before Depths: true
     0 | D:1      | 0 ||| qw: Lair rune preference: random
     0 | D:1      | 0 ||| qw: Goals: Normal
     0 | D:1      | 0 ||| PLANNING D:1-11
   128 | D:1      | Reached XP level 2. HP: 13/16 MP: 3/3
   139 | D:1      | HP: 4/16 [hobgoblin (4)]
   140 | D:1      | HP: 1/16 [hobgoblin (3)]
   257 | D:1      | Reached skill level 3 in Ranged Weapons
   376 | D:1      | Reached XP level 3. HP: 21/21 MP: 4/4
   434 | D:1      | Found a faded altar of an unknown god.
   642 | D:1      | 642 ||| UPGRADING to +0 ring mail.
   652 | D:1      | 652 ||| DROPPING +0 robe.
   653 | D:1      | 653 ||| READING scroll labelled JIPPAU FAMMY.
   654 | D:1      | 654 ||| READING scroll labelled XAROQA NIUHOX.
   655 | D:1      | 655 ||| READING scroll labelled ABISAENWUD.
   656 | D:1      | 656 ||| READING 2 scrolls labelled TUKLYCR PAOPS.
   657 | D:1      | 657 ||| READING scroll labelled SYDUOL GOASO.
   661 | D:1      | 661 ||| READING scroll labelled MADEIVVENEC.
   662 | D:1      | 662 ||| READING scroll labelled ZAUT HUURI.
   663 | D:1      | 663 ||| DRINKING 2 coppery potions.
   663 | D:1      | Gained mutation: Your movements are slightly less
                  | encumbered by armour. (ER -2) [potion of mutation]
   663 | D:1      | Gained mutation: Your muscles are strong. (Str +4, Int/Dex
                  | -1) [potion of mutation]
   664 | D:1      | 664 ||| DROPPING scroll of poison.
   665 | D:1      | 665 ||| DROPPING scroll of fear.
   951 | D:2      | Reached XP level 4. HP: 26/26 MP: 5/5
  1018 | D:2      | Reached skill level 4 in Ranged Weapons
  1150 | D:2      | 1150 ||| READING 2 scrolls of identify.
  1150 | D:2      | 1150 ||| IDENTIFYING murky brown potion
  1268 | D:3      | Reached skill level 1 in Armour
  1299 | D:3      | HP: 5/26 [orc/+0 flail (7)]
  1300 | D:3      | Reached XP level 5. HP: 6/30 MP: 6/6
  1300 | D:3      | 1300 ||| DRINKING potion of heal wounds.
  1411 | D:3      | Reached skill level 5 in Ranged Weapons
  1413 | D:3      | Identified the +0 helmet of the Big Bang {rElec rPois
                  | Regen+ Dex+3 Slay-2}
  1413 | D:3      | Noticed Robin
  1443 | D:3      | HP: 5/31 [Robin/puff of flame (10)]
  1444 | D:3      | HP: 2/31 [Robin/puff of flame (4)]
  1446 | D:3      | Killed Robin
  1615 | D:3      | Found a runed translucent door.
  1616 | D:3      | Noticed Crazy Yiuf
  2040 | D:3      | 2040 ||| UPGRADING to +0 helmet of the Big Bang {rElec
                  | rPois Regen+ Dex+3 Slay-2}.
  2045 | D:3      | 2045 ||| DRINKING 2 murky dark potions.
  2046 | D:3      | 2046 ||| DROPPING potion of degeneration.
  2118 | D:4      | Reached skill level 3 in Fighting
  2247 | D:4      | Reached XP level 6. HP: 28/37 MP: 7/7
  2407 | D:4      | Found a transporter.
  2418 | D:4      | Found a transporter.
  2505 | D:4      | Reached skill level 6 in Ranged Weapons
  2876 | D:4      | Found a runed translucent door.
  2883 | D:4      | Noticed qw's ghost (amateur GrHs)
  2885 | D:4      | 2885 ||| UPGRADING to +0 pair of gloves.
  2890 | D:4      | 2890 ||| DROPPING ring of wizardry.
  2891 | D:4      | 2891 ||| DROPPING ring of flight.
  2892 | D:4      | 2892 ||| READING 4 scrolls of identify.
  2892 | D:4      | 2892 ||| IDENTIFYING blue potion
  2893 | D:4      | 2893 ||| READING 3 scrolls of identify.
  2893 | D:4      | 2893 ||| IDENTIFYING sedimented amethyst potion
  2894 | D:4      | 2894 ||| DROPPING potion of attraction.
  2934 | D:5      | Entered Level 5 of the Dungeon
  2935 | D:5      | 2935 ||| PLANNING SEWER
  2956 | D:5      | Noticed a black bear
  2977 | D:5      | Killed a black bear
  2978 | D:5      | Reached XP level 7. HP: 17/44 MP: 8/8
  2987 | D:5      | HP: 10/44 [orc/+0 dagger (4)]
  2988 | D:5      | HP: 2/44 [orc/+0 flail (7)]
  2994 | D:5      | HP: 5/44 [white imp (1)]
  2994 | D:5      | Slain by a white imp

Levels and vault maps discovered:
D:1:      giann_forest_graveyard, layout_rooms,
          dreamdust_ecumenical_altar_hidden_monk_grotto, minmay_hexomino_p4
D:2:      layout_rooms, fountainhead
D:3:      layout_loops_ring, hangedman_decor_clover_reticule, uniq_robin,
          uniq_crazy_yiuf_cottage
D:4:      gammafunk_wand_slinger, layout_basic, ebering_ghost_reflecting_pool
D:5:      layout_basic, ashenzari_altar_1, mainiacjoe_overflow_large_starburst,
          temple_hall, gup_sewer_entry_glass, uniq_ijyb

Skill      XL: |  1  2  3  4  5  6 |
---------------+-------------------+-----
Ranged Weapons | 3 4 5 6 |  6.1
Fighting       | 2 3 4 |  4.4
Armour         | 1 |  1.1
Dodging        | |  1.5
Spellcasting   | |  1.0
Hexes          | |  2.6

Action                     |  1- 3 |  4- 6 |  7- 9 || total
---------------------------+-------+-------+-------++-------
   Fire: Sling             |   137 |   226 |    17 ||   380
    Use: Scroll            |     7 |     3 |       ||    10
         Potion            |     1 |     2 |       ||     3
 Armour: Robe              |    18 |       |       ||    18
         Ring mail         |    11 |    97 |    18 ||   126
  Dodge: Dodged            |    49 |   115 |    39 ||   203

Table legend:
 A = Non-vault XP
 B = Vault XP
 C = Vault XP percentage of total XP
 D = Non-vault monster count
 E = Vault monster count
 F = Vault count percentage of total count
                 A         B        C        D         E       F
            +---------+---------+-------+---------+---------+-------
      Total |     629 |      43 |   6.4 |      78 |      16 |  17.0
            +---------+---------+-------+---------+---------+-------
        D:1 |      34 |       6 |  15.0 |      19 |       4 |  17.4
        D:2 |      63 |       0 |   0.0 |      22 |       0 |   0.0
        D:3 |     138 |      37 |  21.1 |      16 |      12 |  42.9
        D:4 |     245 |       0 |   0.0 |      17 |       0 |   0.0
        D:5 |     149 |       0 |   0.0 |       4 |       0 |   0.0
            +---------+---------+-------+---------+---------+-------
